Map: [ESL] Oceanborn

Players

Bunny - Winner!

  • Race: Terran Terran
  • Spawn Location: 5:00

GuMiho

  • Race: Terran Terran
  • Spawn Location: 11:00

Event: ESL SC2 Masters 2023 Winter (Finals)

VOD

Have the link to the VOD?

Description

Time

  • Played on: Dec. 16, 2023, 9:17 a.m.
  • Length: 11:25

All games in this series

Show
View Real Time Build Order
Export as new Build Order

Bunny Terran - Winner!

Build Orders: Mech 

Get SALT Encoding   

  12  0:00  SCV  
  13  0:12  SCV  
  14  0:16  Supply Depot  
  14  0:24  SCV  
  15  0:38  SCV  
  15  0:39  Barracks  
  15  0:42  Refinery  
  16  0:50  SCV  
  16  0:52  Refinery  
  17  1:02  SCV  
  18  1:14  SCV  
  19  1:26  Orbital Command, Reaper  
  19  1:30  Supply Depot  
  20  1:39  Factory  
  20  1:52  SCV  
  21  1:59  Reaper  
  22  2:04  SCV  
  23  2:14  Command Center  
  23  2:17  SCV  
  26  2:23  Hellion  
  25  2:30  Marine  
  25  2:38  SCV  
  25  2:44  Hellion  
  25  2:48  Marine  
  24  2:53  SCV  
  23  3:05  Hellion, SCV  
  26  3:06  Marine  
  26  3:17  SCV  
  27  3:27  Command Center  
  27  3:29  SCV  
  28  3:37  Cyclone  
  30  3:41  SCV  
  30  3:51  Barracks Reactor, Supply Depot  
  30  3:54  SCV  
  29  3:59  Starport  
  29  4:09  SCV  
  30  4:13  Cyclone  
  29  4:21  SCV  
  27  4:27  Marine x2  
  29  4:34  SCV  
  30  4:49  Supply Depot  
  30  4:55  SCV  
  31  5:06  Cyclone x2, Medivac  
  37  5:07  Orbital Command  
  37  5:09  Barracks Tech Lab, SCV  
  38  5:22  SCV  
  38  5:27  Orbital Command  
  39  5:29  Command Center  
  39  5:34  SCV  
  40  5:40  Starport Tech Lab  
  40  5:45  Marine x2  
  39  5:50  Siege Tank  
  39  5:53  SCV x2  
  43  5:58  Banshee, Cloaking Field  
  46  6:05  SCV x2  
  48  6:16  Refinery  
  48  6:17  SCV x2  
  48  6:18  Hurricane Engines  
  50  6:23  Factory  
  50  6:29  SCV  
  50  6:30  SCV  
  54  6:36  Refinery  
  54  6:37  Supply Depot  
  52  6:41  Banshee  
  52  6:43  Orbital Command  
  52  6:45  SCV  
  52  6:46  SCV  
  57  6:50  Cyclone  
  59  6:56  Hyperflight Rotors  
  59  6:57  SCV  
  59  6:58  SCV  
  59  7:01  Factory  
  61  7:03  Barracks Reactor  
  61  7:09  Orbital Command  
  61  7:10  SCV  
  61  7:11  SCV  
  61  7:15  Cyclone  
  65  7:17  Cyclone  
  67  7:23  SCV x2  
  67  7:26  Supply Depot  
  69  7:30  Banshee  
  69  7:35  SCV x2  
  69  7:36  Refinery  
  74  7:40  Refinery  
  74  7:43  SCV  
  75  7:47  Supply Depot x2, SCV x2  
  75  7:51  Armory  
  77  7:56  SCV  
  77  7:58  Cyclone x3  
  82  7:59  SCV  
  85  8:08  SCV  
  85  8:09  SCV  
  85  8:11  SCV  
  85  8:12  Siege Tank  
  91  8:13  Supply Depot x2  
  91  8:16  Banshee  
  94  8:20  SCV  
  94  8:22  SCV  
  94  8:23  SCV  
  97  8:27  Factory  
  97  8:30  Factory  
  97  8:33  SCV  
  98  8:37  SCV x2  
  99  8:42  Engineering Bay  
  99  8:44  Siege Tank  
  99  8:45  SCV  
  103  8:49  Cyclone x2  
  103  8:50  Cyclone  
  103  8:51  SCV  
  103  8:52  SCV  
  111  8:56  Cyclone, Supply Depot x2  
  111  8:57  SCV  
  111  9:00  Banshee  
  117  9:11  Terran Vehicle Weapons Level 1  
  117  9:13  Factory Tech Lab, Supply Depot  
  117  9:14  Factory Tech Lab  
  117  9:17  SCV x2  
  117  9:18  SCV  
  117  9:22  Siege Tank  
  123  9:27  Command Center  
  123  9:30  SCV x3  
  126  9:37  Siege Tank x2  
  132  9:41  Supply Depot  
  132  9:42  Hellion x4, Supply Depot  
  132  9:43  Infernal Pre-Igniter  
  140  10:03  Cyclone x2  
  140  10:04  Siege Tank  
  140  10:06  Supply Depot  
  147  10:07  Supply Depot  
  147  10:13  Sensor Tower  
  147  10:15  Siege Tank  
  147  10:21  Command Center  
  150  10:23  Hellion x2  
  154  10:30  Armory  
  154  10:33  Siege Tank  
  155  10:41  Starport Reactor  
  155  10:47  Siege Tank  
  155  10:49  Hellion x2  
  162  10:50  Hellion x2  
  162  10:57  Orbital Command  
  129  11:11  SCV x2  
Show
View Real Time Build Order
Export as new Build Order

GuMiho Terran 

Build Orders:  

Get SALT Encoding   

  12  0:00  SCV  
  13  0:12  SCV  
  14  0:17  Supply Depot  
  14  0:24  SCV  
  15  0:40  Barracks  
  15  0:42  Refinery  
  15  0:55  Barracks  
  15  0:58  SCV  
  16  1:10  SCV  
  17  1:26  Orbital Command  
  17  1:27  Reaper  
  17  1:29  Refinery  
  18  1:43  Reaper  
  19  1:52  Supply Depot, SCV  
  20  1:59  Reaper  
  21  2:04  SCV  
  22  2:15  Reaper  
  23  2:16  SCV  
  24  2:26  Factory  
  24  2:28  SCV  
  25  2:35  Reaper  
  26  2:40  SCV  
  26  2:52  SCV  
  24  3:00  Reaper  
  24  3:04  SCV  
  25  3:07  Reaper  
  25  3:10  Hellion  
  27  3:16  SCV  
  26  3:29  SCV  
  26  3:32  Factory Reactor, Reaper  
  28  3:41  SCV  
  29  3:53  SCV  
  29  3:55  Command Center  
  30  4:02  Supply Depot  
  30  4:08  SCV  
  29  4:20  SCV  
  30  4:26  Cyclone x2  
  34  4:32  SCV, Starport  
  35  4:44  SCV  
  36  4:56  Command Center  
  36  4:57  SCV  
  37  5:00  Cyclone  
  37  5:07  Cyclone  
  41  5:09  Starport Tech Lab  
  41  5:14  SCV  
  43  5:17  Orbital Command  
  42  5:26  SCV  
  43  5:34  Cyclone  
  45  5:37  Refinery  
  45  5:38  SCV  
  45  5:39  Cyclone  
  45  5:42  Raven  
  50  5:44  SCV  
  48  5:50  SCV  
  48  5:56  SCV  
  44  5:59  Barracks Tech Lab  
  44  6:02  SCV  
  45  6:06  Cyclone  
  45  6:08  SCV  
  45  6:11  Orbital Command, Cyclone  
  50  6:14  SCV  
  51  6:19  Supply Depot  
  51  6:20  SCV  
  51  6:21  Refinery  
  51  6:23  Raven  
  54  6:26  SCV  
  56  6:32  SCV  
  56  6:33  Supply Depot  
  56  6:37  SCV  
  56  6:38  SCV  
  58  6:43  Cyclone x2  
  58  6:44  SCV  
  58  6:45  Interference Matrix  
  63  6:49  SCV  
  63  6:50  SCV  
  65  6:57  SCV  
  65  6:59  Raven, Supply Depot x2  
  68  7:01  SCV  
  68  7:03  SCV  
  70  7:09  Supply Depot, SCV  
  70  7:11  Stimpack, Engineering Bay  
  70  7:12  Orbital Command  
  70  7:14  Supply Depot  
  72  7:19  Barracks  
  71  7:23  Barracks, Factory Reactor  
  71  7:26  Barracks  
  71  7:29  Barracks  
  71  7:31  SCV x2  
  71  7:35  Raven, Marine  
  76  7:39  Terran Infantry Weapons Level 1  
  76  7:45  SCV x2  
  76  7:46  SCV  
  76  7:47  Missile Turret  
  76  7:50  Missile Turret  
  79  7:53  Marine  
  79  7:57  SCV  
  79  7:58  SCV x2  
  83  8:02  Supply Depot  
  83  8:05  Orbital Command  
  83  8:08  Marine x2  
  83  8:11  Marine  
  86  8:16  Supply Depot  
  86  8:17  Barracks Reactor  
  86  8:18  Starport Reactor, Supply Depot  
  86  8:20  Marine x2  
  86  8:21  Missile Turret  
  86  8:23  Siege Tank  
  86  8:26  Marine  
  92  8:28  SCV x2  
  92  8:30  Barracks Reactor  
  92  8:31  Supply Depot  
  92  8:32  SCV  
  95  8:37  Marine  
  95  8:38  Marine  
  95  8:40  SCV  
  98  8:42  Supply Depot x2  
  98  8:45  Marine  
  98  8:46  Marine x2  
  101  8:50  Combat Shield  
  101  8:51  SCV x2  
  101  8:52  SCV  
  101  8:55  Marine  
  105  8:56  Supply Depot  
  105  8:58  Missile Turret  
  105  8:59  Siege Tank  
  105  9:03  SCV x2  
  105  9:04  SCV  
  105  9:07  Marine x5  
  113  9:13  Supply Depot  
  113  9:14  Marine x2  
  113  9:15  Supply Depot, Marine x2  
  113  9:16  SCV  
  118  9:19  Medivac  
  118  9:20  Medivac  
  122  9:24  Marine  
  122  9:25  Marine x2  
  122  9:28  Marine x2  
  125  9:32  Marine x2  
  125  9:33  Marine x2  
  130  9:42  Marine x3  
  130  9:44  SCV x3  
  133  9:46  Marine x2  
  133  9:49  Marine  
  133  9:50  Marine  
  133  9:51  Factory Tech Lab, Marine  
  133  9:52  Marine  
  137  9:54  Medivac x2  
  137  10:00  Marine x3  
  137  10:03  Marine  
  137  10:04  Marine  
  142  10:07  Marine x2  
  142  10:09  Marine  
  142  10:10  Marine  
  142  10:11  Supply Depot  
  142  10:13  Missile Turret  
  142  10:14  Supply Depot  
  146  10:18  Marine x3  
  146  10:20  Siege Tank  
  152  10:21  Marine x2  
  152  10:25  Marine x2  
  152  10:26  Marine  
  152  10:27  Marine  
  159  10:36  Marine x3  
  159  10:39  Marine x2  
  159  10:42  Refinery  
  161  10:43  Marine x2  
  161  10:44  Marine  
  161  10:45  Marine  
  165  10:54  Marine x3  
  165  10:57  Marine x2  
  148  11:05  Marine  
Tags
 
Add a new tag
Caveats
  • Supply blocks, unpowered buildings, or Contaminate may cause inaccurate times.
  • Supply counts are checked every 10 seconds.